 Dungeon Crawl Stone Soup version 0.20.0-7-g3b7b877 (webtiles) character file.

135 McKennaii the Skirmisher (level 4, 0/37 HPs)
             Began as a Demonspawn Abyssal Knight on May 29, 2017.
             Was a Follower of Lugonu.
             Slain by a gnoll
             ... wielding a +0 spear
              (7 damage)
             ... on level 2 of the Dungeon.
             The game lasted 00:02:24 (1500 turns).

McKennaii the Skirmisher (DsAK)                     Turns: 1500, Time: 00:02:30

Health: 0/37       AC:  9    Str: 12    XL:     4   Next: 96%
Magic:  6/6        EV: 10    Int: 14    God:    Lugonu [*.....]
Gold:   118        SH:  0    Dex: 13    Spells: 3/3 levels left

rFire    + . .     SeeInvis .   a - +1 hand axe
rCold    . . .     Gourm    .   (no shield)
rNeg     . . .     Faith    .   e - +1 ring mail {rF+}
rPois    .         Spirit   .   j - +0 helmet
rElec    .         Reflect  .   (no cloak)
rCorr    .         Harm     .   (no gloves)
MR       .....                  (no boots)
Stlth    +.........             h - amulet of regeneration
Regen    0.6/turn               (no ring)
MPRegen  0.1/turn               (no ring)

@: no status effects
A: thin metallic scales 1
a: Depart the Abyss, Renounce Religion


You were on level 2 of the Dungeon.
You worshipped Lugonu.
Lugonu was aware of your devotion.
You were not hungry.

You visited 1 branch of the dungeon, and saw 2 of its levels.
You visited the Abyss 1 time.

You collected 118 gold pieces.

Inventory:

Hand Weapons
 a - a +1 hand axe (weapon)
Armour
 e - a +1 ring mail of fire resistance (worn)
 j - a +0 helmet (worn)
Jewellery
 h - an amulet of regeneration (around neck)
 l - an uncursed amulet of harm {unknown}
Potions
 b - a potion of degeneration {unknown}
 d - a potion of magic {unknown}
 k - 3 potions of curing {unknown}
Comestibles
 c - 3 bread rations
 f - a royal jelly
 g - a meat ration


   Skills:
 + Level 4.2 Fighting
 + Level 2.8 Axes
 + Level 2.5 Armour
 + Level 1.0 Dodging
 + Level 0.2 Stealth
 + Level 3.2 Invocations


You had 3 spell levels left.
You didn't know any spells.

Dungeon Overview and Level Annotations

Branches:
Dungeon (2/15)

Altars:


Innate Abilities, Weirdness & Mutations

You are partially covered in thin metallic scales. (AC +2)


Message History

You are too injured to fight recklessly!
You are too injured to fight recklessly!
You are too injured to fight recklessly!
You hit the gnoll.
The gnoll is heavily wounded.
You hit the gnoll but do no damage. The gnoll hits you with a spear.
The gnoll barely misses you. The gnoll closely misses you.
You closely miss the gnoll.
The gnoll is heavily wounded.
You hit the gnoll.
You kill the gnoll!
Lugonu accepts your kill.
The gnoll hits you but does no damage. x2
You hit the gnoll but do no damage.
The gnoll is heavily wounded.
The gnoll hits you with a spear!
* * * LOW HITPOINT WARNING * * *
The gnoll hits you but does no damage. x2
The gnoll hits you from afar with a spear!
You die...

##### ....# ....#
....# ....#
######## ....#
#......###)...###
#......'.@gg.....
#......##########
########......###
.......#...[.....
.....#.#.......##
.....#.........#
.....##.####+#.#
.................
.....##.####...##


You could see 2 gnolls.

Vanquished Creatures
  An eye of draining (Abyss:1)
  A gnoll (D:2)
  3 worms (D:2)
  5 goblins (D:1)
  6 hobgoblins
  4 kobolds
  A quokka (D:2)
  5 bats
  3 frilled lizards
  6 rats
35 creatures vanquished.

Notes
Turn   | Place    | Note
-------+----------+-------------------------------------------
     0 | Abyss:1  | McKennaii the Demonspawn Abyssal Knight began the quest for the Orb.
     0 | Abyss:1  | Reached XP level 1. HP: 18/18 MP: 2/2
    16 | Abyss:1  | Found a corrupted altar of Lugonu.
    72 | Abyss:1  | Noticed an eye of draining
    73 | Abyss:1  | Noticed a small abomination
    77 | Abyss:1  | Noticed an ice beast
    84 | Abyss:1  | Killed an eye of draining
    84 | Abyss:1  | Reached skill level 4 in Fighting
    84 | Abyss:1  | Reached skill level 1 in Dodging
    84 | Abyss:1  | Gained mutation: You are partially covered in thin metallic scales. (AC +2) [demonic ancestry]
    84 | Abyss:1  | Reached XP level 2. HP: 12/25 MP: 0/4
    84 | Abyss:1  | Reached XP level 3. HP: 15/30 MP: 0/5
    84 | Abyss:1  | Reached XP level 4. HP: 18/37 MP: 0/6
    85 | D:1      | Escaped the Abyss
   434 | D:1      | Reached * piety under Lugonu
  1500 | D:2      | Slain by a gnoll

Skill      XL: |  1 |
---------------+----+-----
Fighting       | 4 |  4.2
Axes           | 2 |  2.8
Armour         | 2 |  2.5
Dodging        | 1 |  1.0
Invocations    | 3 |  3.2
Stealth        | |  0.2

Action                   |  1- 3 |  4- 6 || total
-------------------------+-------+-------++-------
Melee: Hand axe          |    12 |   133 ||   145
Invok: Depart the Abyss  |       |     1 ||     1
  Use: Scroll            |       |     2 ||     2
  Eat: Chunk             |       |     2 ||     2
Armor: Leather armour    |     1 |    35 ||    36
       Ring mail         |       |    17 ||    17
Dodge: Dodged            |     2 |    78 ||    80
